 Dungeon Crawl Stone Soup version 0.29.0-4-gdea44cf6ec (webtiles) character file.

Game seed: 1093350152479021726

1 qw the Firebug (level 1, -2/14 HPs)
             Began as a Ghoul Fire Elementalist on Aug 29, 2022.
             Slain by a quokka (4 damage)
             ... on level 1 of the Dungeon.
             The game lasted 00:00:11 (336 turns).

qw the Firebug (Ghoul Fire Elementalist)             Turns: 336, Time: 00:00:12

Health: -2/14      AC:  2    Str: 11    XL:     1   Next: 20%
Magic:  2/2        EV: 12    Int: 10    God:
Gold:   13         SH:  0    Dex:  9    Spells: 2/3 levels left

rFire   . . .      SeeInvis .   (no weapon)
rCold   + . .      Faith    .   (no shield)
rNeg    + + +      Spirit   .   a - +0 robe
rPois   inf        Reflect  .   (no helmet)
rElec   .          Harm     .   (no cloak)
rCorr   .          Rampage  .   (no gloves)
Will    .....                   (no boots)
Stlth   ++........              (no amulet)
HPRegen 0.00/turn               (no ring)
MPRegen 0.08/turn               (no ring)

@: inhibited regen
A: claws 1, cold resistance 1, negative energy resistance 3, inhibited
regeneration, torment resistance 2, devour on kill
a: no special abilities


You were on level 1 of the Dungeon.
You visited 1 branch of the dungeon, and saw 1 of its levels.

You collected 13 gold pieces.


Innate Abilities, Weirdness & Mutations

You are immune to poison.
You have sharp fingernails.
Your flesh is cold resistant. (rC+)
You are immune to negative energy. (rN+++)
You do not regenerate when monsters are visible.
You are immune to unholy pain and torment.
You thrive by killing the living.


   Skills:
 - Level 1.7 Dodging
 - Level 2.1 Stealth
 + Level 0.4 Unarmed Combat
 - Level 1.7 Spellcasting
 - Level 0.7 Conjurations
 - Level 2.4 Fire Magic


You had 2 spell levels left.
You knew the following spells:

 Your Spells              Type           Power      Damage    Failure   Level
a - Foxfire               Conj/Fire      16%        2x1d4     17%         1

Your spell library contained the following spells:

 Spells                   Type           Power      Damage    Failure   Level
 Scorch                   Fire           10%        2d5       19%         2
 Conjure Flame            Conj/Fire      4%         6-21      45%         3
 Inner Flame              Hex/Fire       3%         N/A       52%         3
 Flame Wave               Conj/Fire      4%         2d5       86%         4

Inventory:

Armour
 a - a +0 robe (worn)
 d - a +0 leather armour
Scrolls
 c - a scroll of teleportation {unknown}
 e - 2 scrolls of noise {unknown}
 g - a scroll of identify {unknown}
Potions
 b - a potion of magic
 f - a potion of lignification {unknown}
 h - a potion of cancellation {unknown}
 i - a potion of brilliance {unknown}

Dungeon Overview and Level Annotations

Branches:
Dungeon (1/15)

Altars:


Message History

You kill the bat!
You feel better.
You start resting.
HP restored.
e - a scroll labelled REGRES YF TAET
f - a smoky pink potion You see here a +0 club.
You see here a +0 club.
Found a falchion.
g - a scroll labelled FYOLORO PUODDU
Found a dagger.
Enter note:
Enter note:
Enter note:
h - a purple potion
Found 5 stones.
i - a bubbling grey potion
e - 2 scrolls labelled REGRES YF TAET (gained 1)
You see here 5 stones.
Found 6 curare-tipped darts.
Found a falchion.
Found a faded altar of an unknown god.
A kobold comes into view. It is wielding a +0 dagger.
Found 5 gold pieces.
You see here 6 curare-tipped darts.
The kobold shouts!
A quokka comes into view.
You closely miss the quokka. You claw the quokka, but do no damage.
The quokka bites you but does no damage.
You barely miss the quokka. The quokka bites you. The kobold barely misses you.
You scratch the quokka but do no damage.
The quokka completely misses you. The kobold hits you with a +0 dagger.
You miss the quokka. The quokka barely misses you.
The kobold hits you with a +0 dagger.
You barely miss the quokka.
The quokka barely misses you. x2; The kobold hits you with a +0 dagger.
You miss the quokka. The quokka bites you.
You die...

#......#.#
#......#.#
#..!...#.# .#
......_.. .#
.).....# .#
#...#.## .#
#.rK#..###.# .#
#..#..@#......#
.# ..........#
.#####
..(###.#..#
.....# # #.##.#
.###.###### #.
#.# ..........#
#. #.#
.###.####.# #$
#.# .###.####.#
#.##.#
..........#
#.##.#


You could see a quokka and a kobold.

Vanquished Creatures
  A bat (D:1)
1 creature vanquished.

Notes
Turn   | Place    | Note
-------+----------+-------------------------------------------
     0 | D:1      | qw the Ghoul Fire Elementalist began the quest for the Orb.
     0 | D:1      | Reached XP level 1. HP: 14/14 MP: 2/2
     0 | D:1      | 0 ||| qw: Version: 0.1-a-90-g952f4b7
     0 | D:1      | 0 ||| qw: Game counter: 3979
     0 | D:1      | 0 ||| qw: Always use a shield: true
     0 | D:1      | 0 ||| qw: God list: Okawaru
     0 | D:1      | 0 ||| qw: Allow faded altars: false
     0 | D:1      | 0 ||| qw: Do Orc after D:15 true
     0 | D:1      | 0 ||| qw: Do second Lair branch before Depths: true
     0 | D:1      | 0 ||| qw: Lair rune preference: random
     0 | D:1      | 0 ||| qw: Plans: Normal
     0 | D:1      | 0 ||| PLANNING D:1-11
   318 | D:1      | Found a faded altar of an unknown god.
   335 | D:1      | HP: 2/14 [kobold/+0 dagger (3)]
   336 | D:1      | Slain by a quokka

Levels and vault maps discovered:
D:1:      tarquinn_simple_flora_water_d, layout_loops_ring, serial_forest,
          infiniplex_forest_straight_5, infiniplex_forest_lined_room_2,
          infiniplex_forest_pool, infiniplex_forest_straight_4,
          infiniplex_forest_clump_tiny, hellmonk_ecumenical_altar_lost_god

Action                   || total
-------------------------++-------
Melee: Unarmed           ||    10
       Punch             ||     1
Armor: Robe              ||     3
Dodge: Dodged            ||    10

Table legend:
 A = Non-vault XP
 B = Vault XP
 C = Vault XP percentage of total XP
 D = Non-vault monster count
 E = Vault monster count
 F = Vault count percentage of total count
                 A         B        C        D         E       F
            +---------+---------+-------+---------+---------+-------
      Total |       2 |       0 |   0.0 |       1 |       0 |   0.0
            +---------+---------+-------+---------+---------+-------
        D:1 |       2 |       0 |   0.0 |       1 |       0 |   0.0
            +---------+---------+-------+---------+---------+-------
